 Dungeon Crawl Stone Soup version 0.31-a0-1352-gc98d92de7d (webtiles) character file.

Game seed: 10824110093267818506

632 MackTheKnife the Fighter (level 7, -3/88 HPs)
             Began as an Oni Cinder Acolyte on Dec 22, 2023.
             Was an Initiate of Hepliaklqana.
             Slain by a fire elemental (8 damage)
             ... created by the fiery vengeance of Ignis
             ... on level 4 of the Dungeon.
             The game lasted 00:11:21 (5008 turns).

MackTheKnife the Fighter (Oni Cinder Acolyte)       Turns: 5008, Time: 00:11:22

Health: -3/88      AC:  8    Str: 23    XL:     7   Next: 49%
Magic:  11/11      EV:  9    Int: 14    God:    Hepliaklqana [......]
Gold:   29         SH:  0    Dex: 11    Spells: 10/12 levels left

rFire   . . .        x - +2 whip (elec) {mace}
rCold   . . .        (no shield)
rNeg    . . .        b - +0 robe
rPois   .            (helmet restricted)
rElec   .            g - +0 cloak
rCorr   .            (gloves unavailable)
SInv    .            (boots unavailable)
Will    .....        e - amulet of the acrobat
Stlth   +            o - +4 ring of protection
HPRegen 0.34/turn    v - +6 ring of dexterity
MPRegen 0.12/turn

%: acrobat
@: fire susceptible
A: large, unfitting armour, horns 1, tough skin 1, double potion healing,
drunken brawling, fire resistance 1, robust 1, strong 1, wild magic 1
a: Renounce Religion


You were on level 4 of the Dungeon.
You worshipped Hepliaklqana.
Hepliaklqana was noncommittal.
You visited 2 branches of the dungeon, and saw 6 of its levels.

You collected 242 gold pieces.
You spent 213 gold pieces at shops.


Innate Abilities, Weirdness & Mutations

You are too large for most types of armour.
You have a pair of small horns on your head.
You have tough skin. (AC +1)
You gain doubled healing and magic from potions.
Whenever you drink a healing potion, you attack all around you.
Your flesh is heat resistant. (rF+)
You are robust. (+10% HP)
Your muscles are strong. (Str +4, Int/Dex -1)
Your spells are a little harder to cast, but a little more powerful.


   Skills:
 + Level 8.0 Fighting
 + Level 5.0 Maces & Flails
 - Level 3.0 Spellcasting
 - Level 4.0 Fire Magic


You had 10 spell levels left.
You knew the following spells:

 Your Spells              Type           Power      Damage    Failure   Level
a - Scorch                Fire           34%        2d6       10%         2

Your spell library contained the following spells:

 Spells                   Type           Power      Damage    Failure   Level
 Inner Flame              Hex/Fire       10%        N/A       36%         3
 Flame Wave               Conj/Fire      10%        2d6       75%         4
 Sticky Flame             Fire/Alch      10%        2d5       75%         4

Inventory:

Hand Weapons
 a - a -1 mace of flaming {mace}
 d - a +0 whip of draining {mace}
   (You took it off an orc on level 4 of the Dungeon)
 x - a +2 whip of electrocution (weapon) {mace}
   (You took it off an orc priest on level 4 of the Dungeon)
Armour
 b - a +0 robe (worn)
 g - a +0 cloak (worn)
   (You bought it in a shop on level 2 of the Dungeon)
Jewellery
 e - an amulet of the acrobat (around neck)
   (You found it on level 1 of the Dungeon)
 o - a +4 ring of protection (left hand)
   (You found it on level 2 of the Dungeon)
 v - a +6 ring of dexterity (right hand)
   (You found it on level 3 of the Dungeon)
Wands
 j - a wand of charming (4)
   (You bought it in a shop on level 5 of the Dungeon)
Scrolls
 h - a scroll of identify {@r1}
 i - 2 scrolls of poison {!r}
 k - a scroll of silence {!r}
 s - a scroll of revelation
Potions
 c - 2 potions of cancellation
 f - a potion of mutation {!q}

Dungeon Overview and Level Annotations

Branches:
Dungeon (5/15) Zot: 25098  Temple (1/1) D:4 Zot: 5875

Altars:
Ashenzari
Dithmenos
Elyvilon
Gozag
Hepliaklqana
Makhleb
Uskayaw
Xom
Yredelemnul
Zin

Shops:
D:2 [   D:4 *? D:5

* #.#.##### #.#.#...# #.#.#.#.#
#.#.#.#.# +.....#)#
#.#.###.#########################
..#.............................#
#....##.#####################.###
.........gS..°☼E@# #.#
#........#######.# #.# #.......°#
#.# #.# #####...○# #.# #.# #....#
#.# #.# ###.## #.# #.# #.# #.#
#.# #S########.############.#
#g.○....................#


You could see a fire elemental, a gnoll and a ball python.


Message History

😱 HP[-9]
You take 9 damage, and now have 17/86 hp.
Okay, then.
You hit the fire elemental.
The fire elemental barely misses you. 😱 HP[+1] Unknown command.
Unknown command.
Okay, then.
The killer bee buzzes angrily.
The killer bee attacks as it pursues you!
The killer bee stings you.
* * * LOW HITPOINT WARNING * * *
The fire elemental misses you.
The killer bee closely misses you. 😱 HP[-1]
You take 1 damage, and now have 17/86 hp.
The killer bee misses you. The killer bee misses you.
The killer bee attacks as it pursues you!
The killer bee misses you. The fire elemental misses you.
The killer bee closely misses you. 😱 HP[+1]
The killer bee attacks as it pursues you!
The killer bee stings you.
* * * LOW HITPOINT WARNING * * *
You are poisoned.
The killer bee poisons you! The killer bee misses you. 😱 HP[-3]
You take 3 damage, and now have 15/86 hp.
You feel sick. The killer bee misses you.
You see here a +0 ring mail. 😱 HP[-2]
You take 2 damage, and now have 13/86 hp.
Okay, then.
You feel sick.
The killer bee completely misses you. 😱 HP[-1]
You take 1 damage, and now have 12/86 hp.
You hit the killer bee.
Lightning courses through the killer bee!
You kill the killer bee!
You feel sick.
Your Fighting skill increases to level 8!
Your Maces & Flails skill increases to level 5! 😱 HP[-1]
You now have 88 max hp (+2).
You feel sick. 😱 HP[-1]
You take 1 damage, and now have 10/88 hp.
You feel sick.
You feel sick.
The fire elemental barely misses you. 😱 HP[-1]
You take 1 damage, and now have 9/88 hp.
You feel sick. 😱 HP[-1]
You take 1 damage, and now have 8/88 hp.
You feel sick.
You are no longer poisoned.
The fire elemental closely misses you. 😱 HP[+1] 😱 HP[+1]
The fire elemental completely misses you.
A ball python, an orc wizard and an orc come into view.
The goblin shouts!
An orc comes into view. It is wielding a +0 dagger of venom.
The goblin unwields a +0 dagger.
The goblin wields a +0 sling.
The goblin shoots a sling bullet.
The sling bullet completely misses you.
An orc comes into view. It is wielding a +0 flail.
The orc wizard moves out of view.
The ball python hisses angrily.
The fire elemental closely misses you. 😱 HP[+1] Unknown command.
Unknown command.
The fire elemental misses you. 😱 HP[+1]
The fire elemental barely misses you.
The gnoll shouts!
The gnoll throws a stone.
The stone hits you but does no damage. 😱 HP[+1]
The gnoll shoots a sling bullet.
The sling bullet hits you.
* * * LOW HITPOINT WARNING * * *
The fire elemental barely misses you. 😱 HP[-3]
You take 3 damage, and now have 10/88 hp.
The gnoll shoots a sling bullet.
The sling bullet hits you but does no damage. 😱 HP[+1]
The gnoll shoots a sling bullet.
The sling bullet hits you but does no damage.
The fire elemental hits you. The fire elemental burns you!
* * * LOW HITPOINT WARNING * * *
😱 HP[-9]
You take 9 damage, and now have 2/88 hp. 😱 HP[+1]
Okay, then.
Okay, then.
The fire elemental misses you. 😱 HP[+1]
There is a stone staircase leading down here.
The fire elemental hits you. The fire elemental burns you!
You die...

Skill      XL: |  1  2  3  4  5  6  7 |
---------------+----------------------+-----
Fighting       | 5 6 7 8 |  8.0
Fire Magic     | 3 4 |  4.0
Spellcasting   | 2 3 |  3.0
Maces & Flails | 4 5 |  5.0

Action                     |  1- 3 |  4- 6 |  7- 9 || total
---------------------------+-------+-------+-------++-------
  Melee: Mace              |    92 |     9 |       ||   101
         Headbutt          |    11 |     5 |     3 ||    19
         Whip              |       |    35 |    32 ||    67
         Punch             |       |       |     2 ||     2
   Cast: Scorch            |     6 |    63 |    11 ||    80
    Use: Scroll            |       |     3 |     6 ||     9
         Potion            |       |     1 |     7 ||     8
 Armour: Robe              |    71 |    53 |    81 ||   205
  Dodge: Dodged            |    58 |    34 |    41 ||   133

Levels and vault maps discovered:
D:1:      kilobyte_arrival_exit_the_forest, layout_rooms
D:2:      layout_loops_ring, serial_shops, nicolae_shop_hallway_stairs,
          hex_large, minmay_lizard_pond
D:3:      layout_loops_ring, shapermc_ecumenical_altar_mp_urbaneastern
D:4:      minmay_skewed_foursquare, layout_basic, kiku_gazebo_garden_becter,
          mainiacjoe_overflow_chevrons, serial_glass, glass_columns_c,
          glass_columns_a, serial_shops, shop, guppyfry_shop_venom
D:5:      layout_cave_pools, fedhas_altar_fruit_tree, serial_shops,
          nicolae_shop_real_fake_doors
Temple:   compressed_dpeg_triangle_lava_temple

Notes
Turn   | Place    | Note
-------+----------+-------------------------------------------
     0 | D:1      | MackTheKnife the Oni Cinder Acolyte began the quest for the
                  | Orb.
     0 | D:1      | Reached XP level 1. HP: 24/24 MP: 2/2
     0 | D:1      | magus.rc [v1.9.6]
   170 | D:1      | Reached XP level 2. HP: 30/33 MP: 3/3
   254 | D:1      | Reached skill level 5 in Fighting
   363 | D:1      | You pick up a book of Flames and begin reading...
   363 | D:1      | You add the spells Inner Flame, Sticky Flame and Flame Wave
                  | to your library.
   755 | D:1      | Reached XP level 3. HP: 42/42 MP: 4/4
   773 | D:2      | Found Cyrait's Armour Shop.
   798 | D:1      | Learned a level 2 spell: Scorch
   907 | D:2      | Bought a +0 cloak for 49 gold pieces
  1464 | D:2      | Reached skill level 3 in Fire Magic
  1464 | D:2      | Reached XP level 4. HP: 35/52 MP: 0/6
  1570 | D:2      | Reached skill level 2 in Spellcasting
  2086 | D:3      | Reached skill level 6 in Fighting
  2508 | D:3      | Found a faded altar of an unknown god.
  3369 | D:4      | Reached XP level 5. HP: 59/59 MP: 5/8
  3433 | D:4      | Found Qitsuys's Serpentskin Sales.
  3482 | D:4      | Bought a scroll of poison for 40 gold pieces
  3526 | D:4      | Reached skill level 3 in Spellcasting
  3570 | D:4      | Noticed a black bear
  3600 | D:4      | Reached skill level 4 in Fire Magic
  3859 | D:4      | Killed a black bear
  3860 | D:4      | Reached XP level 6. HP: 34/68 MP: 2/10
  3988 | D:3      | magus.rc [v1.9.6]
  4221 | D:4      | Found a shadowy altar of Dithmenos.
  4256 | D:4      | Found a staircase to the Ecumenical Temple.
  4264 | D:4      | Noticed a black bear
  4272 | Temple   | Entered the Ecumenical Temple
  4278 | Temple   | Killed a black bear
  4279 | Temple   | Reached skill level 7 in Fighting
  4279 | Temple   | Reached skill level 4 in Maces & Flails
  4279 | Temple   | Reached XP level 7. HP: 69/78 MP: 0/11
  4385 | Temple   | Fell from the grace of Ignis
  4385 | Temple   | Became a worshipper of Hepliaklqana the Forgotten
  4420 | D:4      | Noticed a fire elemental
  4420 | D:4      | Noticed a fire elemental
  4558 | D:5      | Entered Level 5 of the Dungeon
  4567 | D:5      | Gained mutation: You are robust. (+10% HP) [potion of
                  | mutation]
  4567 | D:5      | Gained mutation: Your muscles are strong. (Str +4, Int/Dex
                  | -1) [potion of mutation]
  4567 | D:5      | Gained mutation: Your spells are a little harder to cast,
                  | but a little more powerful. [potion of mutation]
  4567 | D:5      | Gained mutation: Your flesh is heat resistant. (rF+)
                  | [potion of mutation]
  4635 | D:5      | Noticed a fire elemental
  4635 | D:5      | Noticed a fire elemental
  4635 | D:5      | Noticed a fire elemental
  4744 | D:4      | Noticed a fire elemental
  4744 | D:4      | Noticed a fire elemental
  4744 | D:4      | Noticed a fire elemental
  4822 | D:5      | Found Ywkukooc's Assorted Antiques.
  4825 | D:5      | Bought a lead wand for 124 gold pieces
  4848 | D:4      | Found Ceotur's Magic Scroll Shop.
  4860 | D:4      | Killed a fire elemental
  4966 | D:4      | HP: 17/86 [fire elemental[the fiery vengeance of Ignis]
                  | (9)]
  4974 | D:4      | HP: 15/86 [killer bee (3)]
  4978 | D:4      | Reached skill level 8 in Fighting
  4978 | D:4      | Reached skill level 5 in Maces & Flails
  4979 | D:4      | HP: 10/88 [poisoned by a killer bee]
  4997 | D:4      | HP: 10/88 [gnoll/sling bullet (3)]
  5001 | D:4      | HP: 2/88 [fire elemental[the fiery vengeance of Ignis] (9)]
  5008 | D:4      | Slain by a fire elemental

Vanquished Creatures
  A fire elemental (D:4)
  2 black bears
  4 killer bees
  2 orc priests (D:4)
  2 orc wizards (D:4)
  5 adders
  2 worms (D:4)
  8 dart slugs
  13 orcs (D:4)
  4 bats
  10 endoplasms
  4 giant cockroaches
  4 goblins
  4 hobgoblins
  3 jackals (D:1)
  5 kobolds
  3 quokkas
  3 ball pythons
  8 frilled lizards (D:2)
  6 rats (D:1)
93 creatures vanquished.

Vanquished Creatures (others)
  An endoplasm (D:4)
1 creature vanquished.

Grand Total: 94 creatures vanquished

Table legend:
 A = Non-vault XP
 B = Vault XP
 C = Vault XP percentage of total XP
 D = Non-vault monster count
 E = Vault monster count
 F = Vault count percentage of total count
                 A         B        C        D         E       F
            +---------+---------+-------+---------+---------+-------
      Total |     831 |      73 |   8.1 |      78 |      14 |  15.2
            +---------+---------+-------+---------+---------+-------
        D:1 |      34 |       0 |   0.0 |      20 |       0 |   0.0
        D:2 |      76 |       7 |   8.4 |      20 |       7 |  25.9
        D:3 |     137 |       0 |   0.0 |       8 |       0 |   0.0
        D:4 |     433 |      66 |  13.2 |      27 |       7 |  20.6
        D:5 |      18 |       0 |   0.0 |       2 |       0 |   0.0
     Temple |     133 |       0 |   0.0 |       1 |       0 |   0.0
            +---------+---------+-------+---------+---------+-------

Skill      XL: |  1  2  3  4  5  6  7 |
---------------+----------------------+-----
Fighting       | 5 6 7 8 |  8.0
Fire Magic     | 3 4 |  4.0
Spellcasting   | 2 3 |  3.0
Maces & Flails | 4 5 |  5.0

Action                     |  1- 3 |  4- 6 |  7- 9 || total
---------------------------+-------+-------+-------++-------
  Melee: Mace              |    92 |     9 |       ||   101
         Headbutt          |    11 |     5 |     3 ||    19
         Whip              |       |    35 |    32 ||    67
         Punch             |       |       |     2 ||     2
   Cast: Scorch            |     6 |    63 |    11 ||    80
    Use: Scroll            |       |     3 |     6 ||     9
         Potion            |       |     1 |     7 ||     8
 Armour: Robe              |    71 |    53 |    81 ||   205
  Dodge: Dodged            |    58 |    34 |    41 ||   133

Illustrated notes

Table legend:
 A = Kills in this place as a percentage of kills in the entire game.
 B = Kills by you in this place as a percentage of kills by you in the entire game.
 C = Kills by friends in this place as a percentage of kills by friends in the entire game.
 D = Other kills in this place as a percentage of other kills in the entire game.
 E = Experience gained in this place as a percentage of experience gained in the entire game.
 F = Experience gained in this place divided by the number of levels of this place that you have seen.
                   A       B       C       D       E      F
               +-------+-------+-------+-------+-------+----------------------
         Total | 100.0 | 100.0 |   N/A |   N/A | 100.0 | 150.7
       Dungeon |  98.9 |  98.9 |   N/A |   N/A |  85.3 | 154.2
        Temple |   1.1 |   1.1 |   N/A |   N/A |  14.7 | 133.0
               +-------+-------+-------+-------+-------+----------------------

Table legend: (Time is in decaauts)
 A = Elapsed time spent in this place.
 B = Non-inter-level travel time spent in this place.
 C = Inter-level travel time spent in this place.
 D = Time resting spent in this place.
 E = Time spent auto-exploring this place.
 F = Levels seen in this place.
 G = Mean time per level.
                   A        B        C        D        E       F      G
               +--------+--------+--------+--------+--------+-----+--------+
         Total |   5025 |   4778 |    247 |   1257 |   2477 |   6 |  837.5 |
       Dungeon |   4900 |   4663 |    237 |   1176 |   2477 |   5 |  980.0 |
        Temple |    124 |    114 |     10 |     81 |      0 |   1 |  124.0 |
               +--------+--------+--------+--------+--------+-----+--------+

Top non-repeatable levels by time:
     D:4: 1369 daAuts
     D:3: 1306 daAuts
     D:2: 1098 daAuts
     D:1: 997 daAuts
     D:5: 128 daAuts
  Temple: 124 daAuts
